 Dungeon Crawl Stone Soup version 0.27-a0-1219-g958d993ae5 (webtiles) character file.

Game seed: 3136433525190491280

1197 Shayle the Skirmisher (level 8, -5/88 HPs)
             Began as an Ogre Warper on June 7, 2021.
             Slain by a wyvern zombie (12 damage)
             ... on level 6 of the Dungeon.
             The game lasted 00:22:46 (8037 turns).

Shayle the Skirmisher (Ogre Warper)                 Turns: 8037, Time: 00:22:47

Health: -5/88      AC:  3    Str: 16    XL:     8   Next: 44%
Magic:  11/11      EV: 11    Int: 16    God:
Gold:   349        SH:  5    Dex: 12    Spells: 6/11 levels left

rFire    . . .     SeeInvis .   g - +9 flail of Magnificence {vorpal, rC+ Dex+4}
rCold    + . .     Faith    .   (no shield)
rNeg     . . .     Spirit   .   b - +0 robe
rPois    .         Reflect  +   (helmet restricted)
rElec    .         Harm     .   (no cloak)
rCorr    .         Rampage  .   (gloves unavailable)
Will     .....                  (boots unavailable)
Stlth    +.........             a - amulet of reflection
HPRegen  0.24/turn              (no ring)
MPRegen  0.12/turn              (no ring)

@: about to teleport
A: large, unfitting armour, tough skin 1
a: no special abilities


You were on level 6 of the Dungeon.
You visited 1 branch of the dungeon, and saw 7 of its levels.

You collected 349 gold pieces.

Inventory:

Hand Weapons
 c - a +1 dagger of venom
 g - the +9 flail of Magnificence (weapon) {vorpal, rC+ Dex+4}
   (You found it on level 4 of the Dungeon)

   It inflicts extra damage upon your enemies.
   It affects your dexterity (+4).
   It protects you from cold.
 p - a +1 spear of pain
Missiles
 e - 3 boomerangs of dispersal (quivered)
 j - 2 throwing nets
Armour
 b - a +0 robe (worn)
Jewellery
 a - an amulet of reflection (around neck)
 k - an amulet of guardian spirit
Scrolls
 d - a scroll of blinking
 f - 2 scrolls of enchant weapon
 h - a scroll of teleportation
 l - a scroll of amnesia
 m - a scroll of vulnerability
 n - 2 scrolls of noise
 q - 3 scrolls of identify
Potions
 i - 3 potions of flight
 o - a potion of attraction
 r - a potion of brilliance {unknown}
 s - a potion of invisibility {unknown}


   Skills:
 + Level 7.8 Fighting
 + Level 5.9 Polearms
 - Level 1.0 Throwing
 + Level 5.5 Dodging
 - Level 2.4 Spellcasting
 - Level 2.6 Translocations


You had 6 spell levels left.
You knew the following spells:

 Your Spells              Type           Power      Damage    Failure   Level
a - Blink                 Tloc           N/A        N/A       10%         2
b - Teleport Other        Tloc           10%        N/A       21%         3

Your spell library contained the following spells:

 Spells                   Type           Power      Damage    Failure   Level
 Gell's Gravitas          Tloc           5%         N/A       21%         3
 Lesser Beckoning         Tloc           5%         N/A       21%         3
 Manifold Assault         Tloc           10%        N/A       88%         5


Dungeon Overview and Level Annotations

Branches:
Dungeon (7/15)
 Temple: D:4-7

Altars:
Cheibriados
Gozag

Shops:
D:1 [   D:2 =

Annotations:
D:6 Sigmund


Innate Abilities, Weirdness & Mutations

You are too large for most types of armour.
You have tough skin. (AC +1)


Message History

HP restored.
An ufetubus comes into view.
The ufetubus shouts!
The ufetubus moves out of view.
Found a rapier.
You block the ufetubus's attack.
The ufetubus hits you but does no damage.
You block the ufetubus's attack. The ufetubus barely misses you.
You hit the ufetubus.
The ufetubus is heavily wounded.
The ufetubus hits you. The ufetubus closely misses you. The ufetubus hits you.
The ufetubus completely misses you.
A wyvern zombie comes into view.
You sock the ufetubus!
You kill the ufetubus!
You hit the wyvern zombie.
The wyvern zombie is lightly damaged.
The wyvern zombie bites you!
You hit the wyvern zombie.
The wyvern zombie is moderately damaged.
The wyvern zombie bites you. The wyvern zombie bites you!
You sock the wyvern zombie!
The wyvern zombie is heavily damaged.
The wyvern zombie bites you! x2
You sock the wyvern zombie!
The wyvern zombie is severely damaged.
The wyvern zombie barely misses you.
Sigmund mumbles some strange words.
Sigmund flickers and vanishes!
Deactivating autopickup; reactivate with Ctrl-A.
The wyvern zombie bites you!
* * * LOW HITPOINT WARNING * * *
As you read the scroll of teleportation, it crumbles to dust.
You feel strangely unstable. The wyvern zombie bites you!
* * * LOW HITPOINT WARNING * * *
Something hits you!
* * * LOW HITPOINT WARNING * * *
Okay, then.
The wyvern zombie bites you!
You die...

...#...#.......#.#..
.#.).......#...<..
..................
...............).
................
#...............
##...............
####Z...............
#..@................
#..####..............
#.. ##.....##.....#
#.. ##......###... #.
#......# #### #
#^.....# #......#
#......# ########


You could see a wyvern zombie.

Vanquished Creatures
  A black bear (D:5)
  An ice beast (D:6)
  2 necrophages
  2 ogres
  A bullfrog (D:7)
  A water moccasin skeleton (D:5)
  A hound (D:4)
  A jelly (D:5)
  4 orc priests
  2 iguanas
  A hound skeleton (D:3)
  Robin (D:1)
  A howler monkey zombie (D:5)
  8 gnolls
  8 adders
  2 white imps (D:6)
  An ufetubus (D:6)
  2 dart slugs (D:2)
  17 orcs
  8 endoplasms
  5 giant cockroaches
  10 hobgoblins
  7 kobolds
  3 quokkas
  4 ball pythons
  5 bats
  4 frilled lizards
  15 goblins
  A jackal skeleton (D:4)
  4 rats
  A butterfly (D:4)
124 creatures vanquished.

Notes
Turn   | Place    | Note
-------+----------+-------------------------------------------
     0 | D:1      | Shayle the Ogre Warper began the quest for the Orb.
     0 | D:1      | Reached XP level 1. HP: 22/22 MP: 3/3
   101 | D:1      | Found a faded altar of an unknown god.
   391 | D:1      | Reached skill level 3 in Fighting
   391 | D:1      | Reached XP level 2. HP: 30/31 MP: 5/5
   601 | D:1      | Found Kocsut's Antique Armour Boutique.
   979 | D:2      | Reached XP level 3. HP: 27/37 MP: 6/6
  1138 | D:2      | Found Nuekkuirph's Jewellery Emporium.
  1388 | D:2      | Identified the -7 helmet of the Yeti {rPois rF+}
  1388 | D:2      | Noticed Robin
  1691 | D:2      | Reached XP level 4. HP: 18/48 MP: 7/7
  2189 | D:1      | Killed Robin
  2190 | D:1      | Reached skill level 4 in Fighting
  3223 | D:3      | Reached XP level 5. HP: 15/55 MP: 8/8
  3521 | D:3      | Found a snail-covered altar of Cheibriados.
  4225 | D:3      | Reached skill level 5 in Fighting
  4524 | D:4      | Reached XP level 6. HP: 63/66 MP: 9/9
  4714 | D:3      | Learned a level 2 spell: Blink
  4718 | D:3      | Learned a level 3 spell: Teleport Other
  4725 | D:4      | Noticed a necrophage
  4762 | D:3      | Killed a necrophage
  5029 | D:4      | Identified the +9 flail of Magnificence {vorpal, rC+ Dex+4}
  5098 | D:4      | Reached skill level 6 in Fighting
  5098 | D:4      | Reached XP level 7. HP: 52/73 MP: 10/10
  5680 | D:4      | Found an opulent altar of Gozag.
  5905 | D:5      | Entered Level 5 of the Dungeon
  6226 | D:4      | Reached skill level 5 in Polearms
  6345 | D:5      | Reached skill level 7 in Fighting
  6362 | D:5      | Reached skill level 5 in Dodging
  6438 | D:5      | Reached XP level 8. HP: 85/87 MP: 11/11
  7301 | D:5      | You fall into a shaft and drop 2 floors!
  7506 | D:6      | Noticed Sigmund
  7916 | D:6      | Noticed a +0 spear
  7916 | D:6      | Noticed a +0 short sword
  7916 | D:6      | Noticed a +0 spear
  7917 | D:6      | Noticed a +0 falchion
  7917 | D:6      | Noticed a +0 falchion
  7918 | D:6      | Noticed a +0 dagger
  7920 | D:6      | Noticed a +0 short sword
  7921 | D:6      | Noticed a +0 dagger
  8037 | D:6      | Slain by a wyvern zombie

Illustrated notes

Levels and vault maps discovered:
D:1:      mrwooster_arrival_statue_2, layout_basic, serial_shops, shop,
          chequers_ecumenical_altar_island
D:2:      layout_basic, serial_shops, nicolae_shop_waterfront,
          minmay_hedge_maze, uniq_robin
D:3:      layout_basic, general_overflow_altar, serial_curves, eino_curves_04,
          eino_curves_01
D:4:      layout_cave_pools, nicolae_overflow_hidden_temple,
          hangedman_glass_garden, minmay_statues_item, serial_bayou_pond_b
D:5:      layout_layer_cave
D:6:      layout_rooms, nicolae_uskayaw_en_pointe, minmay_between, uniq_sigmund
D:7:      layout_basic, minmay_temple_entry_mist, small_statue_intersection

Skill      XL: |  1  2  3  4  5  6  7 |
---------------+----------------------+-----
Fighting       | 3 4 5 6 7 |  7.8
Polearms       | 3 4 5 |  5.9
Dodging        | 3 4 5 |  5.5
Throwing       | |  1.0
Spellcasting   | |  2.4
Translocations | |  2.6

Action                   |  1- 3 |  4- 6 |  7- 9 || total
-------------------------+-------+-------+-------++-------
Melee: Spear             |    56 |       |       ||    56
       Dagger            |    84 |   200 |       ||   284
       Flail             |       |     7 |    98 ||   105
Throw: Boomerang         |       |     2 |       ||     2
  Use: Potion            |       |     2 |       ||     2
       Scroll            |       |       |     8 ||     8
Armor: Robe              |    40 |    49 |    15 ||   104
Dodge: Dodged            |    69 |   122 |    54 ||   245
Block: Other             |       |       |     5 ||     5
       Reflection        |       |       |     1 ||     1

Table legend: (Time is in decaauts)
 A = Elapsed time spent in this place.
 B = Non-inter-level travel time spent in this place.
 C = Inter-level travel time spent in this place.
 D = Time resting spent in this place.
 E = Time spent auto-exploring this place.
 F = Levels seen in this place.
 G = Mean time per level.
                   A        B        C        D        E       F      G
               +--------+--------+--------+--------+--------+-----+--------+
         Total |   8102 |   7821 |    281 |   2114 |   4022 |   7 | 1157.4 |
       Dungeon |   8102 |   7821 |    281 |   2114 |   4022 |   7 | 1157.4 |
               +--------+--------+--------+--------+--------+-----+--------+

Top non-repeatable levels by time:
     D:2: 2017 daAuts
     D:5: 1705 daAuts
     D:3: 1505 daAuts
     D:1: 1390 daAuts
     D:4: 1059 daAuts
     D:6: 414 daAuts
     D:7: 9 daAuts
